 Seeded DCSS version 0.30.0-7-g0c4daa9e05 (webtiles) character file.

Game seed: 18007716519941398942 (custom seed)

5317 IndexError the Martial Artist (level 10, -16/72 HPs)
             Began as an Octopode Transmuter on May 13, 2023.
             Was a Priest of the Shining One.
             Demolished by Harold
             ... wielding a +0 trident
              (17 damage)
             ... on level 9 of the Dungeon.
             The game lasted 00:18:32 (9473 turns).

IndexError the Martial Artist (Octopode Transmuter) Turns: 9473, Time: 00:18:33

Health: -16/72     AC:  6    Str: 15    XL:     10   Next: 64%
Magic:  11/13      EV: 19    Int: 21    God:    the Shining One [***...]
Gold:   532        SH:  0    Dex: 17    Spells: 1/13 levels left

rFire   . .          .
                       - Unarmed
rCold   . . .        g - melded +3 warlock's mirror {omnireflect}
rNeg    + + .        f - melded +0 hat of the Peculiar Ships {rF+ Stlth+}
rPois   x            d - amulet of faith {Faith, !P}
rElec   +            h - ring "Potac" {rElec Slay+4}
rCorr   .            u - +4 ring of protection
SInv    .            x - ring of positive energy {rN+}
Will    +....        w - ring of willpower
Stlth   +            K - +6 ring of strength
HPRegen 0.32/turn    (no ring)
MPRegen 0.13/turn    (no ring)
                     (no ring)

%: faith
@: spider-form, marked, glowing
A: venomous fangs, almost no armour, (amphibious), 8 rings, tiny, (camouflage
1), (gelatinous body 1), (nimble swimmer 1), (tentacles)
a: End Transformation, Renounce Religion, Divine Shield, Cleansing Flame


You were on level 9 of the Dungeon.
You worshipped the Shining One.
The Shining One was most pleased with you.
You were a venomous arachnid creature.
You visited 1 branch of the dungeon, and saw 9 of its levels.

You collected 532 gold pieces.

Inventory:

Missiles
 A - 6 atropa-tipped darts
Armour
 f - the +0 hat of the Peculiar Ships (melded) {rF+ Stlth+}
   (You acquired it on level 1 of the Dungeon)

   rF:        It protects you from fire.
   Stlth:     It makes you more stealthy.
 g - the +3 warlock's mirror (melded) {omnireflect}
   (You acquired it on level 1 of the Dungeon)

   Omnireflect: It can block and reflect piercing ranged attacks and magical
   attacks against the wielder's willpower.
 M - a +0 hat of willpower
   (You took it off Gastronok on level 8 of the Dungeon)
Jewellery
 d - an amulet of faith (around neck) {Faith, !P}
   (You found it on level 1 of the Dungeon)
 e - an amulet of the acrobat
   (You found it on level 1 of the Dungeon)
 h - the ring "Potac" (left front pincers) {rElec Slay+4}
   (You acquired it on level 1 of the Dungeon)

   [ring of slaying]

   Slay:      It affects your accuracy & damage with ranged weapons and melee
   (+4).
   rElec:     It insulates you from electricity.
 u - a +4 ring of protection (right front pincers)
   (You found it on level 2 of the Dungeon)
 w - a ring of willpower (on tentacle)
   (You found it on level 2 of the Dungeon)
 x - a ring of positive energy (on tentacle) {rN+}
   (You found it on level 3 of the Dungeon)
 K - a +6 ring of strength (on tentacle)
   (You found it on level 8 of the Dungeon)
Wands
 E - a wand of polymorph (9)
   (You found it on level 4 of the Dungeon)
 I - a wand of mindburst (10)
   (You took it off Ijyb on level 5 of the Dungeon)
Scrolls
 b - 2 scrolls of magic mapping {unknown}
 i - 3 scrolls of fog {unknown}
 m - a scroll of immolation {unknown}
 n - 2 scrolls of enchant armour {unknown}
 o - a scroll of butterflies {unknown}
 p - 2 scrolls of brand weapon {unknown}
 q - a scroll of silence {unknown}
 r - 4 scrolls of amnesia {unknown}
 s - 7 scrolls of identify {unknown}
 y - a scroll of blinking {unknown}
 z - 2 scrolls of torment {unknown}
 B - a scroll of vulnerability {unknown}
 D - 4 scrolls of teleportation {unknown}
 F - a scroll of enchant weapon {unknown}
 L - a scroll of poison {unknown}
Potions
 a - a potion of lignification {!q}
 c - 2 potions of berserk rage {unknown}
 j - 2 potions of heal wounds {unknown}
 k - 4 potions of attraction {unknown}
 l - 4 potions of might {unknown}
 t - a potion of haste {unknown}
 v - a potion of resistance {unknown}
 G - 3 potions of degeneration {unknown}
 H - 4 potions of curing {unknown}
 J - a potion of brilliance {unknown}
Miscellaneous
 C - a piece from Xom's chessboard (15/15)
   (You found it on level 3 of the Dungeon)


   Skills:
 - Level 8.2 Fighting
 - Level 2.0 Dodging
 - Level 5.0 Shields
 - Level 10.0 Unarmed Combat
 - Level 2.0 Spellcasting
 + Level 6.0 Transmutations
 + Level 0.0 Ice Magic
 - Level 6.0 Poison Magic


You had one spell level left.
You knew the following spells:

 Your Spells              Type           Power      Damage    Failure   Level
a - Beastly Appendage     Tmut           54%        N/A       6%          1
b - Wereblood             Tmut           27%        N/A       8%          2
c - Spider Form           Tmut/Pois      27%        N/A       12%         3
d - Ice Form              Ice/Tmut       14%        N/A       61%         4
e - Blink                 Tloc           4%         N/A       43%         2

Your spell library contained the following spells:

 Spells                   Type           Power      Damage    Failure   Level
 Apportation              Tloc           4%         N/A       32%         1
 Necrotise                Necr           8%         1d4       32%         1
 Summon Small Mammal      Summ           8%         N/A       32%         1
 Lesser Beckoning         Tloc           4%         N/A       43%         2
 Alistair's Intoxication  Tmut/Pois      18%        N/A       56%         5
 Dazzling Flash           Conj/Hex       4%         N/A       63%         3
 Gell's Gravitas          Tloc           2%         N/A       63%         3
 Inner Flame              Hex/Fire       2%         N/A       63%         3
 Teleport Other           Tloc           2%         N/A       63%         3
 Flame Wave               Conj/Fire      2%         2d4       93%         4
 Manifold Assault         Tloc           2%         N/A       93%         4
 Sticky Flame             Conj/Fire      2%         2d3       93%         4
 Eringya's Noxious Bog    Tmut/Pois      13%        N/A       96%         6
 Agony                    Necr           2%         N/A       99%         5
 Borgnjor's Vile Clutch   Necr/Erth      1%         N/A       99%         5
 Fireball                 Conj/Fire      1%         3d3       99%         5
 Iskenderun's Battlesphe  Conj           2%         2d6       99%         5
 Silence                  Hex/Air        1%         N/A       99%         5
 Conjure Ball Lightning   Conj/Air       1%         3x3d6     100%        6
 Orb of Destruction       Conj           1%         9d5       100%        7
 Storm Form               Tmut/Air       7%         N/A       100%        7


Dungeon Overview and Level Annotations

Branches:
Dungeon (9/15)             Temple (0/1) D:7
   Lair: D:8-11         Orc: D:9-12

Altars:
Nemelex Xobeh
Okawaru
Qazlal
Ru
Trog
Wu Jian
Xom
Yredelemnul
Zin
The Shining One

Shops:
D:2 :   D:6 ?   D:7 (

Annotations:
D:9 Harold


Innate Abilities, Weirdness & Mutations

You are a venomous arachnid creature.
You have venomous fangs.
You are tiny and dextrous.
Your spellcasting is less reliable in this form.
Your armour is entirely melded.
You are incapable of wielding weapons or throwing items.
You cannot wear most types of armour.
((You are amphibious.))
You can wear up to eight rings at the same time.
((Your skin changes colour to match your surroundings (Stealth+).))
((Your rubbery body absorbs attacks. (AC +1, EV +1)))
((You are camouflaged when in or above water. (Stealth+)))
((You have tentacles for arms and can constrict up to eight enemies at once.))


Message History

Your transformation is almost over.
Your transformation has ended.
The +0 hat of the Peculiar Ships {rF+ Stlth+} unmelds from your body.
The +3 warlock's mirror {omnireflect} unmelds from your body.
You regained 9 hp, and now have 46/72 hp.
MP restored: 13 HP restored.
Things that are here:
a +0 scale mail; a +0 spear
Things that are here:
a +0 club; a +0 whip; a +0 whip You see here a +0 spear.
You see here a +0 spear.
Things that are here:
a +0 club; a +0 whip; a +0 whip Partly explored, can't reach some items and places.
Health restored: 72 Partly explored, can't reach some items and places.
Really wriggle into a travel-excluded area?
You now have 524 gold pieces (gained 23).
Press: ? - help, v - describe, . - travel The floor.
This square is lit by a halo.
Reduced exclusion size to a single square.
Removed exclusion.
You now have 532 gold pieces (gained 8).
Found a stone staircase leading down.
There is a stone staircase leading down here.
Done exploring.
Done exploring.
Done exploring.
Done exploring.
There is a stone staircase leading down here.
You climb downwards.
There is a stone staircase leading up here.
You climb upwards.
There is a stone staircase leading down here.
There is a stone staircase leading down here.
You climb downwards.
There is a stone staircase leading up here.
Harold shouts!
You hear a croak.
A bullfrog comes into view.
Harold hits you from afar with a +0 trident!
You take 15 damage, and have 57/72 hp.
MASSIVE DAMAGE!!
You block Harold's attack.
You bludgeon Harold! You grab Harold. You squeeze Harold, but do no damage.
You constrict Harold. Harold hits you with a +0 trident!
You take 8 damage, and have 49/72 hp.
You tentacle-slap Harold. You squeeze Harold!
You constrict Harold, but do no damage.
Harold says, "Listen, it's nothing personal.
It's just a job."
Harold hits you with a +0 trident!
You take 15 damage, and have 34/72 hp.
MASSIVE DAMAGE!!
You are too injured to fight recklessly!
You are too injured to fight recklessly!
Casting: Spider Form (dangerous; 4% risk of failure)
Confirm with . or Enter, or press ? or * to list all spells.
You turn into a venomous arachnid creature.
The +0 hat of the Peculiar Ships {rF+ Stlth+} melds into your body.
The +3 warlock's mirror {omnireflect} melds into your body.
You lose your grip on Harold.
The bullfrog hits you but does no damage.
Harold asks, "Do you mind if I name my boat the 'IndexError'?
Your head will be paying for it, after all."
Harold misses you.
You now have 10/13 mp.
You bite Harold!
Harold is poisoned.
The bullfrog hits you but does no damage.
Harold yells, "I don't have all day!"
Harold barely misses you.
You hit Harold.
Harold looks as sick as possible!
The bullfrog closely misses you. Harold casts a spell at you.
A sentinel's mark forms upon you.
The bullfrog hits you but does no damage.
You hit Harold.
Harold looks as sick as possible!
The bullfrog closely misses you.
You bite Harold!
Harold looks as sick as possible!
Harold casts a spell at you. The mark upon you grows brighter.
The bullfrog misses you.
You hit Harold but do no damage.
The bullfrog hits you but does no damage.
Harold hits you with a +0 trident!
* * * LOW HITPOINT WARNING * * *
A troll comes into view.
You take 15 damage, and have 21/72 hp.
MASSIVE DAMAGE!!
You completely miss Harold. The bullfrog closely misses you.
Harold hits you with a +0 trident!
* * * LOW HITPOINT WARNING * * *
You take 16 damage, and have 5/72 hp.
MASSIVE DAMAGE!!
You hit Harold but do no damage.
Harold looks as sick as possible!
The bullfrog closely misses you.
Harold says, "I was hoping my final job would be more of a challenge, but money is money."
Harold hits you with a +0 trident! The Shining One protects you from harm!
The bullfrog hits you.
* * * LOW HITPOINT WARNING * * *
You take 4 damage, and have 1/72 hp.
You hit Harold.
Harold looks as sick as possible!
The bullfrog barely misses you. Harold hits you with a +0 trident!
You die...

#.. ....
#.. ....##
#..# .....#
#..# ....##
#..##.....#
#..........
#..F@...T#
#..s.....#
#....###.#
#....###.
#<.......#
#........#
#........#
#........#
#...##...#
#...# ...#


You could see Harold (extremely poisoned), a troll and a bullfrog.

Vanquished Creatures
  Gastronok (D:8)
  Erica (D:8)
  A kobold demonologist (D:6)
  Grinder (D:5)
  Eustachio (D:6)
  An acid dragon (D:8)
  A water moccasin (D:6)
  2 ice beasts (D:7)
  A black bear (D:6)
  3 ogres
  3 centaurs
  2 kobold brigands (D:7)
  3 phantoms (D:5)
  Blork the orc (D:4)
  2 gnoll sergeants
  2 bullfrogs
  2 scorpions
  8 wights
  2 jellies
  3 gnoll boudas
  An orc priest (D:6)
  3 hounds
  A sleepcap (D:4)
  Crazy Yiuf (D:7)
  3 iguanas
  Ijyb (D:5)
  2 orc wizards (D:6)
  26 gnolls
  4 adders
  6 shadow imps
  2 white imps
  3 worms (D:2)
  4 dart slugs
  12 orcs
  3 bats
  10 endoplasms
  4 giant cockroaches
  11 goblins
  2 hobgoblins (D:1)
  6 jackals
  20 kobolds
  4 quokkas
  7 ball pythons
  4 frilled lizards
  6 rats
187 creatures vanquished.

Notes
Turn   | Place    | Note
-------+----------+-------------------------------------------
     0 | D:1      | IndexError the Octopode Transmuter began the quest for the
                  | Orb.
     0 | D:1      | Reached XP level 1. HP: 13/13 MP: 3/3
    46 | D:1      | Reached XP level 2. HP: 12/18 MP: 5/5
   157 | D:1      | HP: 4/18 [frozen (5)]
   166 | D:1      | Identified 3 scrolls of acquirement
   166 | D:1      | Acquired the ring "Potac" {rElec Slay+4}
   167 | D:1      | Acquired the +3 warlock's mirror {omnireflect}
   167 | D:1      | Found the +3 warlock's mirror {omnireflect}
   168 | D:1      | Acquired the +0 hat of the Peculiar Ships {rF+ Stlth+}
   512 | D:1      | Reached XP level 3. HP: 24/24 MP: 6/6
  1051 | D:1      | Found a faded altar of an unknown god.
  1051 | D:1      | Noticed a neqoxec
  1146 | D:2      | Reached skill level 2 in Fighting
  1146 | D:2      | Reached skill level 4 in Unarmed Combat
  1262 | D:2      | Found Lemucar's Book Boutique.
  1270 | D:2      | Identified the +2 hand axe "Plog" {drain, +Blink rCorr}
  1298 | D:2      | Reached XP level 4. HP: 29/29 MP: 7/7
  2386 | D:3      | Found a stormy altar of Qazlal.
  2399 | D:3      | Found a glowing silver altar of Zin.
  2503 | D:3      | Found a glowing golden altar of the Shining One.
  2576 | D:3      | Found a shimmering altar of Xom.
  2826 | D:3      | Became a worshipper of the Shining One
  2840 | D:4      | Noticed Blork the orc
  2891 | D:4      | HP: 2/29 [Blork the orc/+3 heavy trident (11)]
  2898 | D:4      | Killed Blork the orc
  2899 | D:4      | Reached skill level 1 in Shields
  2899 | D:4      | Reached XP level 5. HP: 5/34 MP: 8/8
  3075 | D:4      | Found a sparkling altar of Nemelex Xobeh.
  3120 | D:4      | Reached skill level 2 in Shields
  3120 | D:4      | Reached skill level 5 in Unarmed Combat
  3279 | D:4      | Reached XP level 6. HP: 30/39 MP: 9/9
  3333 | D:4      | Learned a level 3 spell: Spider Form
  3624 | D:4      | Found an ornate altar of the Wu Jian Council.
  3724 | D:5      | Entered Level 5 of the Dungeon
  3724 | D:5      | Noticed Ijyb
  3728 | D:5      | Reached skill level 3 in Shields
  3761 | D:5      | Reached skill level 4 in Shields
  3761 | D:5      | Reached skill level 6 in Unarmed Combat
  3761 | D:5      | Reached XP level 7. HP: 26/45 MP: 10/10
  3790 | D:5      | HP: 10/45 [ogre/+0 giant club (24)]
  3944 | D:5      | Killed Ijyb
  3972 | D:5      | Reached skill level 5 in Shields
  3972 | D:5      | Reached skill level 1 in Poison Magic
  4021 | D:5      | Noticed Grinder
  4026 | D:5      | Reached * piety under the Shining One
  4028 | D:5      | Paralysed by Grinder for 3 turns
  4035 | D:5      | Killed Grinder
  4036 | D:5      | Reached skill level 3 in Transmutations
  4036 | D:5      | Reached skill level 3 in Poison Magic
  4036 | D:5      | Reached XP level 8. HP: 45/50 MP: 11/11
  4039 | D:5      | Reached skill level 4 in Transmutations
  4172 | D:5      | Reached skill level 4 in Poison Magic
  4416 | D:5      | Reached skill level 5 in Transmutations
  4498 | D:5      | Reached skill level 5 in Poison Magic
  4862 | D:5      | Reached ** piety under the Shining One
  4866 | D:5      | Learned a level 2 spell: Wereblood
  4894 | D:5      | Found a sacrificial altar of Ru.
  5040 | D:5      | Reached skill level 6 in Poison Magic
  5319 | D:6      | Reached skill level 6 in Transmutations
  5324 | D:6      | Reached XP level 9. HP: 55/55 MP: 9/12
  5360 | D:6      | Noticed Eustachio
  5382 | D:6      | Killed Eustachio
  5383 | D:6      | Reached skill level 3 in Fighting
  5478 | D:6      | Reached skill level 7 in Unarmed Combat
  5488 | D:6      | HP: 10/57 [orc wizard/magic dart (7)]
  5493 | D:6      | HP: 6/57 [poisoned by an adder]
  5789 | D:6      | Found a basalt altar of Yredelemnul.
  5795 | D:6      | Learned a level 4 spell: Ice Form
  5954 | D:6      | Noticed a kobold demonologist
  5960 | D:6      | Noticed a sixfirhy
  5976 | D:6      | HP: 14/58 [sixfirhy[a kobold demonologist] (4)]
  5977 | D:6      | HP: 5/58 [sixfirhy[a kobold demonologist] (4)]
  6012 | D:6      | Noticed a smoke demon
  6168 | D:6      | Killed a kobold demonologist
  6169 | D:6      | Reached skill level 4 in Fighting
  6169 | D:6      | Reached skill level 8 in Unarmed Combat
  6273 | D:6      | Found Bevuivysk's Magic Scroll Shop.
  6556 | D:6      | HP: 12/59 [gnoll bouda/+0 club (11)]
  7064 | D:7      | Reached *** piety under the Shining One
  7242 | D:7      | Learned a level 2 spell: Blink
  7269 | D:7      | Reached skill level 5 in Fighting
  7280 | D:7      | Reached skill level 9 in Unarmed Combat
  7452 | D:7      | Reached XP level 10. HP: 66/66 MP: 11/13
  7466 | D:7      | Found a bloodstained altar of Trog.
  7485 | D:7      | Found Voneir's Antique Weapon Shop.
  7505 | D:7      | Found a staircase to the Ecumenical Temple.
  7761 | D:7      | Found a runed translucent door.
  7762 | D:7      | Noticed Crazy Yiuf
  7938 | D:7      | Killed Crazy Yiuf
  8245 | D:8      | Noticed Erica
  8276 | D:8      | Found an iron altar of Okawaru.
  8480 | D:8      | Noticed Gastronok
  8910 | D:8      | Killed Gastronok
  8911 | D:8      | Reached skill level 7 in Fighting
  8911 | D:8      | Reached skill level 10 in Unarmed Combat
  9142 | D:8      | Killed Erica
  9143 | D:8      | Reached skill level 8 in Fighting
  9459 | D:9      | Noticed Harold
  9471 | D:9      | HP: 5/72 [Harold/+0 trident (16)]
  9472 | D:9      | The Shining One protects you from harm!
  9472 | D:9      | HP: 1/72 [bullfrog (5)]
  9473 | D:9      | Demolished by Harold

Illustrated notes

Levels and vault maps discovered:
D:1:      psy_arrival_dodecagon, layout_basic,
          dreamdust_ecumenical_altar_sealed_demon
D:2:      layout_loops_cross, serial_shops, shop, minmay_misc_feat_cross,
          glass_columns_c, minmay_ruptured
D:3:      layout_basic, xom_butterflies, nicolae_qazlal_scattered_showers,
          nicolae_overflow_crystal_walls, tso_oasis_becter
D:4:      layout_cave_pools, kennysheep_mini, nicolae_wu_jian_wuxing_cycle,
          serial_column_ruins, column_ruins_circle_small, column_ruins_grid_3,
          column_ruins_open_large, column_ruins_grid_1, column_ruins_grid_1,
          column_ruins_open_tiny, chequers_hall_statues_wall_a,
          chequers_serial_rivers_micro_c, uniq_blork_the_orc
D:5:      minmay_evil_eye, layout_rooms, nicolae_ru_the_path_less_chosen,
          uniq_ijyb, uniq_grinder
D:6:      layout_basic, mainiacjoe_overflow_paths, serial_shops,
          nicolae_shop_tiny_statue_garden, uniq_eustachio
D:7:      layout_basic, trog_three_pillars_becter,
          minmay_temple_entry_antechambers, serial_shops, shop,
          patterned_corridor, uniq_crazy_yiuf_cottage
D:8:      layout_basic, mainiacjoe_overflow_brackets, minmay_misc_feat_rows,
          uniq_erica, uniq_gastronok
D:9:      layout_stronghold, grunt_temple_overflow_lords_of_destruction,
          orc_0_dummy, onia_ninara_cookie, uniq_harold

Skill      XL: |  1  2  3  4  5  6  7  8  9 10 |
---------------+-------------------------------+-----
Fighting       | 2 5 8 |  8.2
Unarmed Combat | 4 5 6 9 10 | 10.0
Shields        | 1 2 4 5 |  5.0
Poison Magic   | 3 6 |  6.0
Transmutations | 3 6 |  6.0
Dodging        | |  2.0
Spellcasting   | |  2.0

Action                     |  1- 3 |  4- 6 |  7- 9 | 10-12 || total
---------------------------+-------+-------+-------+-------++-------
  Melee: Unarmed           |    63 |   104 |   223 |    70 ||   460
         Tentacles         |    14 |    26 |    56 |    14 ||   110
         Constrict         |    14 |    28 |    49 |     8 ||    99
         Kick              |     9 |     1 |       |       ||    10
         Punch             |     1 |     6 |    12 |     3 ||    22
   Cast: Beastly Appendage |     4 |     2 |       |       ||     6
         Spider Form       |       |       |     4 |     4 ||     8
         Ice Form          |       |       |       |     1 ||     1
    Use: Scroll            |     3 |       |       |       ||     3
   Stab: Sleeping          |    11 |    10 |       |       ||    21
 Armour: Skin              |     2 |     9 |    22 |     9 ||    42
  Dodge: Dodged            |    29 |    38 |   118 |    34 ||   219
  Block: Buckler           |     5 |    21 |    58 |     9 ||    93
         Reflection        |       |     1 |     6 |       ||     7

Levels and vault maps discovered:
D:1:      psy_arrival_dodecagon, layout_basic,
          dreamdust_ecumenical_altar_sealed_demon
D:2:      layout_loops_cross, serial_shops, shop, minmay_misc_feat_cross,
          glass_columns_c, minmay_ruptured
D:3:      layout_basic, xom_butterflies, nicolae_qazlal_scattered_showers,
          nicolae_overflow_crystal_walls, tso_oasis_becter
D:4:      layout_cave_pools, kennysheep_mini, nicolae_wu_jian_wuxing_cycle,
          serial_column_ruins, column_ruins_circle_small, column_ruins_grid_3,
          column_ruins_open_large, column_ruins_grid_1, column_ruins_grid_1,
          column_ruins_open_tiny, chequers_hall_statues_wall_a,
          chequers_serial_rivers_micro_c, uniq_blork_the_orc
D:5:      minmay_evil_eye, layout_rooms, nicolae_ru_the_path_less_chosen,
          uniq_ijyb, uniq_grinder
D:6:      layout_basic, mainiacjoe_overflow_paths, serial_shops,
          nicolae_shop_tiny_statue_garden, uniq_eustachio
D:7:      layout_basic, trog_three_pillars_becter,
          minmay_temple_entry_antechambers, serial_shops, shop,
          patterned_corridor, uniq_crazy_yiuf_cottage
D:8:      layout_basic, mainiacjoe_overflow_brackets, minmay_misc_feat_rows,
          uniq_erica, uniq_gastronok
D:9:      layout_stronghold, grunt_temple_overflow_lords_of_destruction,
          orc_0_dummy, onia_ninara_cookie, uniq_harold

Table legend: (Time is in decaauts)
 A = Elapsed time spent in this place.
 B = Non-inter-level travel time spent in this place.
 C = Inter-level travel time spent in this place.
 D = Time resting spent in this place.
 E = Time spent auto-exploring this place.
 F = Levels seen in this place.
 G = Mean time per level.
                   A        B        C        D        E       F      G
               +--------+--------+--------+--------+--------+-----+--------+
         Total |   9445 |   8801 |    644 |    398 |   6925 |   9 | 1049.4 |
       Dungeon |   9445 |   8801 |    644 |    398 |   6925 |   9 | 1049.4 |
               +--------+--------+--------+--------+--------+-----+--------+

Top non-repeatable levels by time:
     D:7: 1681 daAuts
     D:5: 1568 daAuts
     D:6: 1517 daAuts
     D:1: 1213 daAuts
     D:4: 983 daAuts
     D:3: 904 daAuts
     D:8: 804 daAuts
     D:2: 757 daAuts
     D:9: 13 daAuts

Table legend:
 A = Kills in this place as a percentage of kills in the entire game.
 B = Kills by you in this place as a percentage of kills by you in the entire game.
 C = Kills by friends in this place as a percentage of kills by friends in the entire game.
 D = Other kills in this place as a percentage of other kills in the entire game.
 E = Experience gained in this place as a percentage of experience gained in the entire game.
 F = Experience gained in this place divided by the number of levels of this place that you have seen.
                   A       B       C       D       E      F
               +-------+-------+-------+-------+-------+----------------------
         Total | 100.0 | 100.0 |   N/A |   N/A | 100.0 | 844.1
       Dungeon | 100.0 | 100.0 |   N/A |   N/A | 100.0 | 844.1
               +-------+-------+-------+-------+-------+----------------------
